 Dungeon Crawl Stone Soup version 0.30.1-1-g62c8e00024 (webtiles) character file.

Game seed: 7147072157320132237

167 monsoonserge the Shooter (level 5, -1/42 HPs)
             Began as a Hill Orc Hunter on July 17, 2023.
             Was a Believer of Beogh.
             Slain by a cerulean imp
             ... wielding a +2 spear
             ... summoned by Natasha
              (5 damage)
             ... on level 4 of the Dungeon.
             The game lasted 00:06:43 (3022 turns).

monsoonserge the Shooter (Hill Orc Hunter)          Turns: 3022, Time: 00:06:44

Health: -1/42      AC:  3    Str: 14    XL:     5   Next: 48%
Magic:  5/5        EV: 12    Int:  9    God:    Beogh [**....]
Gold:   38         SH:  0    Dex: 16    Spells: 4/4 levels left

rFire   . . .        a - +0 shortbow
rCold   . . .        (shield currently unavailable)
rNeg    . . .        c - +0 leather armour
rPois   .            (no helmet)
rElec   .            (no cloak)
rCorr   .            (no gloves)
SInv    .            (no boots)
Will    .....        m - amulet of the acrobat
Stlth   +            (no ring)
HPRegen 0.27/turn    (no ring)
MPRegen 0.09/turn

%: acrobat
@: no status effects
A: no striking features
a: Renounce Religion, Smiting


You were on level 4 of the Dungeon.
You worshipped Beogh.
Beogh was pleased with you.
You visited 1 branch of the dungeon, and saw 4 of its levels.

You collected 143 gold pieces.
You spent 105 gold pieces at shops.

Inventory:

Hand Weapons
 a - a +0 shortbow (weapon)
 b - a +0 long sword
Missiles
 g - 3 boomerangs
Armour
 c - a +0 leather armour (worn)
 q - a +0 ring mail
Jewellery
 h - a ring of ice
 m - an amulet of the acrobat (around neck)
Scrolls
 f - 2 scrolls of teleportation {unknown}
 j - a scroll of immolation
 k - 7 scrolls of identify {unknown}
 r - a scroll of blinking
Potions
 d - 2 potions of brilliance {unknown}
 e - 2 potions of magic {unknown}
 i - 2 potions of ambrosia {unknown}
 l - a potion of haste {unknown}
 n - a potion of flight {unknown}
 o - 2 potions of mutation {unknown}
 p - a potion of curing {unknown}
 s - a potion of berserk rage {unknown}
 t - a potion of heal wounds {unknown}


   Skills:
 + Level 2.6 Fighting
 * Level 5.8 Ranged Weapons
 + Level 0.1 Armour
 + Level 1.8 Dodging
 + Level 0.7 Stealth
 * Level 0.8 Invocations


You had 4 spell levels left.
You didn't know any spells.
Your spell library contained the following spells:

 Spells                   Type           Power      Damage    Failure   Level
 Magic Dart               Conj           0%         1d3       45%         1
 Call Imp                 Summ           0%         N/A       61%         2
 Cigotuvi's Dreadful Rot  Necr/Pois/Air  0%         N/A       61%         2
 Mephitic Cloud           Conj/Pois/Air  0%         N/A       83%         3
 Summon Guardian Golem    Hex/Summ       0%         N/A       83%         3
 Dispel Undead            Necr           0%         3d6       99%         4
 Death Channel            Necr           0%         N/A       100%        6
 Orb of Destruction       Conj           0%         9d5       100%        7
 Spellforged Servitor     Conj/Summ      0%         N/A       100%        7


Dungeon Overview and Level Annotations

Branches:
Dungeon (4/15)
 Temple: D:4-7

Altars:
Gozag
Vehumet
Yredelemnul
The Shining One
Beogh

Shops:
D:3 ?   D:4 [

Annotations:
D:4 Natasha


Message History

Press: ? - help, Q - select action, (/) - cycle Shift-Dir - straight line, f/p - Natasha
Aim: Natasha (almost dead, 56% to hit)
You shoot an arrow. The arrow misses Natasha.
The arrow misses the cerulean imp.
Natasha claws you but does no damage. The cerulean imp misses you.
Fire: a) +0 shortbow
Press: ? - help, Q - select action, (/) - cycle Shift-Dir - straight line, f/p - Natasha
Aim: Natasha (almost dead, 56% to hit)
You shoot an arrow.
The arrow hits Natasha but does no damage.
Natasha is almost dead.
The cerulean imp disappears in a puff of smoke!
Natasha mumbles some strange words.
Fire: a) +0 shortbow
Press: ? - help, Q - select action, (/) - cycle Shift-Dir - straight line, f/p - Natasha
Aim: Natasha (almost dead, 56% to hit)
You shoot an arrow. The arrow closely misses Natasha.
Natasha mumbles some strange words.
The cerulean imp hits you from afar with a +1 spear.
Fire: a) +0 shortbow
Press: ? - help, Q - select action, (/) - cycle Shift-Dir - straight line, f/p - Natasha
Aim: Natasha (almost dead, 56% to hit)
You shoot an arrow. The arrow barely misses Natasha.
Natasha claws you.
The cerulean imp hits you but does no damage.
The cerulean imp hits you from afar with a +0 spear.
* * * LOW HITPOINT WARNING * * *
Natasha mumbles some strange words.
Fire: a) +0 shortbow
Press: ? - help, Q - select action, (/) - cycle Shift-Dir - straight line, f/p - Natasha
Aim: Natasha (almost dead, 56% to hit)
You shoot an arrow.
The arrow hits Natasha but does no damage.
Natasha is almost dead.
The cerulean imp hits you from afar with a +1 spear.
* * * LOW HITPOINT WARNING * * *
The cerulean imp closely misses you. Natasha claws you.
* * * LOW HITPOINT WARNING * * *
The cerulean imp hits you with a +2 spear.
You die...

.####.....##..####
...###.......## .. ...#
#......## . ...###......#
#. ...#...####.# .#
......## #.## #.#
.......####..# ##.#
#.##......#..####h5###
#.##..##.....(..@....##
#.##..####.......55...#
..##.## #...........##
###..# #...........##
###.######............#
.#
....###........###....#.#
#.......................#
##..######...........####
#.## #......<..###


You could see Natasha and 3 cerulean imps.

Vanquished Creatures
  A hound (D:4)
  A jelly (D:4)
  An iguana (D:4)
  An adder (D:4)
  3 worms
  A dart slug (D:1)
  3 orcs (D:3)
  7 ball pythons
  4 bats
  5 endoplasms
  A giant cockroach (D:1)
  5 goblins
  6 hobgoblins
  9 kobolds
  A quokka (D:4)
  2 frilled lizards
  4 rats
55 creatures vanquished.

Notes
Turn   | Place    | Note
-------+----------+-------------------------------------------
     0 | D:1      | monsoonserge the Hill Orc Hunter began the quest for the
                  | Orb.
     0 | D:1      | Reached XP level 1. HP: 18/18 MP: 1/1
    52 | D:1      | Reached skill level 4 in Ranged Weapons
    52 | D:1      | Reached XP level 2. HP: 25/25 MP: 2/2
   136 | D:1      | Found a faded altar of an unknown god.
   160 | D:1      | Prayed at the altar of an unknown god.
   160 | D:1      | Became a worshipper of Beogh the Brigand
   160 | D:1      | Reached * piety under Beogh
   552 | D:2      | Reached XP level 3. HP: 30/30 MP: 3/3
  1143 | D:3      | Reached ** piety under Beogh
  1232 | D:3      | Found Xymogeot's Magic Scroll Emporium.
  1261 | D:3      | Reached XP level 4. HP: 8/37 MP: 4/4
  1261 | D:3      | Bought a scroll of blinking for 105 gold pieces
  1502 | D:3      | Found an opulent altar of Gozag.
  1503 | D:3      | Found a radiant altar of Vehumet.
  1823 | D:4      | Reached skill level 5 in Ranged Weapons
  1870 | D:4      | Found a glowing golden altar of the Shining One.
  1985 | D:4      | Reached XP level 5. HP: 35/42 MP: 5/5
  2207 | D:4      | Found Oqynn's Antique Armour Shoppe.
  2415 | D:4      | Found a basalt altar of Yredelemnul.
  3006 | D:4      | Noticed Natasha
  3022 | D:4      | Slain by a cerulean imp

Illustrated notes

Levels and vault maps discovered:
D:1:      minmay_arrival_stair_chambers, layout_rooms,
          ebering_ecumenical_altar_petrified, kennysheep_pointless_box,
          minmay_pentomino_r4
D:2:      layout_basic
D:3:      layout_rooms, mainiacjoe_overflow_divided_tiny, serial_shops, shop,
          serial_rivers, chequers_serial_rivers_micro_e,
          chequers_serial_rivers_room_b, chequers_serial_rivers_micro_a,
          chequers_serial_rivers_large_b, chequers_serial_rivers_room_a,
          hangedman_decor_opposing
D:4:      layout_layer_cave, nicolae_overflow_crystal_walls, lemuel_round_altar,
          serial_shops, shop, serial_bayou_lake_a, uniq_natasha

Skill      XL: |  1  2  3  4 |
---------------+-------------+-----
Ranged Weapons | 4 5 |  5.8
Fighting       | |  2.6
Armour         | |  0.1
Dodging        | |  1.8
Stealth        | |  0.7
Invocations    | |  0.8

Action                     |  1- 3 |  4- 6 || total
---------------------------+-------+-------++-------
   Fire: Shortbow          |   126 |    75 ||   201
 Armour: Leather armour    |     9 |    12 ||    21
  Dodge: Dodged            |    30 |    19 ||    49
